 Dungeon Crawl Stone Soup version 0.18.1-48-g4cf74bf (webtiles) character file.

61042 nikopol the Severer (level 14, -6/127 HPs)
             Began as a Minotaur Berserker on Sept 4, 2016.
             Was the Champion of Trog.
             Mangled by a deep troll (10 damage)
             ... on level 2 of the Orcish Mines on Sept 5, 2016.
             The game lasted 01:19:45 (22197 turns).

nikopol the Severer (Minotaur Berserker)           Turns: 22197, Time: 01:19:46

Health: -6/127     AC: 22    Str: 26    XL:     14   Next: 59%
Magic:  4/4        EV: 17    Int:  7    God:    Trog [******]
Gold:   1931       SH:  0    Dex: 14    Spells: 0 memorised, 13 levels left

rFire  . . .     SeeInvis .     a - +7 battleaxe (antimagic)
rCold  + + .     Gourm    .     n - +2 scale mail {rC+}
rNeg   + . .     Faith    .     (shield currently unavailable)
rPois  +         Spirit   .     Z - +1 hat
rElec  .         Dismiss  .     E - +1 cloak
rCorr  .         Reflect  .     J - +0 pair of gloves
SustAt .         Harm     .     b - +0 pair of boots
MR     +....     NoTele   +     I - amulet of regeneration
Stlth  ..........               L - ring of Zomapt {-Tele rPois rN+ Str+3 Int+3}
                                X - +4 ring of protection

@: somewhat resistant to hostile enchantments, extremely unstealthy
A: retaliatory headbutt, horns 2, cold resistance 1
a: Berserk, Trog's Hand, Brothers in Arms, Burn Spellbooks, Renounce Religion


You were on level 2 of the Orcish Mines.
You worshipped Trog.
Trog was exalted by your worship.
You were hungry.

You visited 3 branches of the dungeon, and saw 20 of its levels.
You also visited: Labyrinth, Sewer and Ossuary.

You collected 1931 gold pieces.

Inventory:

Hand Weapons
 a - a +7 antimagic battleaxe (weapon)
 z - a +5 longbow of freezing
Missiles
 y - 246 arrows (quivered)
Armour
 b - a +0 pair of boots (worn)
 n - a +2 scale mail of cold resistance (worn)
 E - a +1 cloak (worn)
 J - a +0 pair of gloves (worn)
 Z - a +1 hat (worn)
Jewellery
 d - an uncursed amulet of dismissal
 o - an uncursed ring of protection from fire
 u - an uncursed ring of protection from magic
 v - an uncursed ring of see invisible
 D - an uncursed ring of sustain attributes
 I - an amulet of regeneration (around neck)
 L - the ring of Zomapt (right hand) {-Tele rPois rN+ Str+3 Int+3}
   (You found it in a labyrinth)

   [ring of poison resistance]

   It affects your strength (+3).
   It affects your intelligence (+3).
   It protects you from poison.
   It protects you from negative energy.
   It prevents most forms of teleportation.
 T - an uncursed ring of protection from cold
 X - a +4 ring of protection (left hand)
Wands
 G - a wand of digging (11/24)
 U - a wand of hasting (5/9)
Scrolls
 h - 7 scrolls of teleportation
 k - a scroll of recharging
 l - 4 scrolls of blinking
 m - 8 scrolls of remove curse
 p - 2 scrolls of enchant armour
 q - 2 scrolls of identify
 B - 2 scrolls of fog
 C - 5 scrolls of magic mapping
 K - 2 scrolls of fear
Potions
 e - 7 potions of heal wounds
 f - a potion of cure mutation
 g - 9 potions of flight
 i - 2 potions of cancellation
 r - 4 potions of magic
 s - a potion of resistance
 t - 6 potions of agility
 x - 11 potions of curing
 F - 3 potions of ambrosia
 H - 4 potions of might
 N - a potion of invisibility {unknown}
 P - a potion of berserk rage
 W - 2 potions of haste
 Y - a potion of brilliance
Comestibles
 c - 14 bread rations
 j - 3 fruits
 w - 7 meat rations
 A - 3 chunks of flesh
 O - 8 beef jerkies
 R - a slice of pizza
 V - 13 royal jellies


   Skills:
 + Level 12.9 Fighting
 * Level 15.9 Axes
 * Level 13.1 Bows
 + Level 13.2 Armour
 + Level 11.6 Dodging


You had 13 spell levels left.
You didn't know any spells.

Dungeon Overview and Level Annotations

Branches:
Dungeon (10/15)            Temple (0/1) D:7            Lair (8/8) D:9
 Shoals (0/4) Lair:3        Snake (0/4) Lair:6        Slime (0/6) Lair:8
    Orc (2/2) D:9
    Elf: Orc:2

Altars:
Cheibriados
Dithmenos
Elyvilon
Qazlal
Sif Muna
Trog
Xom
Yredelemnul
Zin
The Shining One
Jiyva

Shops:
D:8 *


Innate Abilities, Weirdness & Mutations

You reflexively headbutt those who attack you in melee.
You have a pair of horns on your head.
Your flesh is cold resistant.


Message History

You slash the two-headed ogre!
The two-headed ogre is moderately wounded.
You slash the deep troll!
The deep troll is moderately wounded.
The deep troll bites you!
The deep troll claws you but does no damage.
The deep troll misses you.
The ogre mage hits you from afar with a spear.
* * * LOW HITPOINT WARNING * * *
You are too injured to fight recklessly!
Your deep troll goes berserk!
You are feeling hungry.
The two-headed ogre closely misses you. You furiously retaliate!
You headbutt the two-headed ogre, but do no damage.
The two-headed ogre closely misses you.
The ogre hits your deep troll with a giant spiked club!
The hill giant hits you with a giant club!!
* * * LOW HITPOINT WARNING * * *
The deep troll misses you. x2; The deep troll claws you!
You die...

..(.......#....##
...(#....#).....#
....(...........##
.....(...)).......#
#...))).....#....
##.TC(..#...###.#
#...OO.O......###
##...#TOC#.#....#
#.....TT@#####.##
#.......## ##
..$.###.## .... ###
(#.


You could see a hill giant, an ogre mage, a deep troll, a cyclops, 2 trolls, 2
two-headed ogres, an ogre and a friendly deep troll (berserk).

Vanquished Creatures
  2 azure jellies (Lair:8)
  A stone giant (Orc:2)
  A minotaur (Lab)
  A fire dragon (Lair:8)
  10 hydras
  3 catoblepae
  7 death yaks
  Sonja (Lair:4)
  Nergalle (Lair:2)
  A lindwurm (Lair:8)
  A hill giant (Orc:2)
  A cyclops (Orc:2)
  An oklob plant (Lair:4)
  Maurice (Orc:2)
  3 black mambas
  An ice statue (Lair:8)
  Psyche (D:9)
  8 elephants
  16 spiny frogs
  A torpor snail (Lair:8)
  3 rime drakes (Lair:8)
  11 komodo dragons
  A freezing wraith (Lair:8)
  A kobold demonologist (Sewer)
  2 polar bears (Lair:8)
  6 trolls
  6 two-headed ogres
  A giant leech (Lair:8)
  A queen bee (Lair:4)
  A minotaur zombie (Lab)
  Grinder (Sewer)
  10 blink frogs
  2 boulder beetles (Lair:8)
  2 wyverns
  3 basilisks
  32 yaks
  3 steam dragons
  5 hippogriffs
  Menkaure (Ossuary)
  4 nagas (Lair:6)
  3 mottled dragons (Lair:8)
  14 water moccasins
  A swamp drake (Lair:8)
  2 hell hounds (D:9)
  11 porcupines
  Duvessa (D:4)
  9 ice beasts
  4 orc warriors
  A sky beast (D:5)
  2 phantoms
  A wasp (Lair:5)
  18 ogres
  5 wolves (Lair:8)
  7 centaurs
  19 crocodiles
  2 big kobolds (Sewer)
  8 giant frogs
  Dowan (D:4)
  The ghost of appiemonkey the Covered, a weakling HOFi (D:3)
  3 scorpions (D:8)
  3 wights (D:9)
  23 killer bees (Lair:4)
  2 electric eels (Lair:2)
  A howler monkey (D:10)
  2 jellies
  9 crimson imps
  A giant frog zombie (D:7)
  A quasit (D:7)
  A centaur zombie (D:9)
  4 hounds
  4 giant frog skeletons
  8 orc priests
  A centaur skeleton (D:8)
  Ijyb (D:3)
  6 iguanas
  10 orc wizards
  4 worker ants
  5 hell rats (Lair:4)
  A killer bee zombie (D:7)
  9 sheep
  4 big kobold zombies (Sewer)
  A hound zombie (D:5)
  A mummy (Ossuary)
  A worker ant zombie (D:9)
  Robin (D:3)
  7 gnolls
  21 adders
  2 howler monkey skeletons (D:7)
  64 river rats
  6 shadow imps
  5 ufetubi (Sewer)
  An ooze (D:1)
  2 adder skeletons
  2 adder zombies
  4 worms
  7 giant geckos
  34 orcs
  7 bats
  12 giant cockroaches
  4 gnoll zombies
  13 hobgoblins
  23 jackals
  21 kobolds
  6 quokkas
  2 ball pythons
  A ball python skeleton (D:5)
  3 giant newts
  4 gnoll skeletons (Ossuary)
  18 goblins
  3 goblin skeletons (Ossuary)
  A goblin zombie (Ossuary)
  2 hobgoblin skeletons (Ossuary)
  2 hobgoblin zombies (Ossuary)
  2 kobold skeletons (Ossuary)
  6 kobold zombies
  2 orc skeletons (Ossuary)
  3 orc zombies (Ossuary)
  8 rats
  2 rat skeletons (Ossuary)
  2 rat zombies (Ossuary)
  2 bushes
  11 fungi
  13 plants
703 creatures vanquished.

Vanquished Creatures (others)
  A hound (D:8)
  2 mummies (Ossuary)
  A giant cockroach zombie (Sewer)
  A gnoll skeleton (Ossuary)
  3 goblin skeletons (Ossuary)
  4 goblin zombies (Ossuary)
  3 hobgoblin skeletons (Ossuary)
  A kobold skeleton (Ossuary)
  2 kobold zombies (Ossuary)
  2 orc skeletons (Ossuary)
  2 orc zombies (Ossuary)
  3 rat zombies (Ossuary)
  A bush (Lair:3)
  8 fungi
  24 plants
58 creatures vanquished.

Grand Total: 761 creatures vanquished

Notes
Turn   | Place    | Note
--------------------------------------------------------------
     0 | D:1      | nikopol the Minotaur Berserker began the quest for the Orb.
     0 | D:1      | Reached XP level 1. HP: 19/19 MP: 0/0
   116 | D:1      | Reached XP level 2. HP: 19/27 MP: 1/1
   161 | D:1      | Reached skill level 4 in Axes
   617 | D:1      | Reached XP level 3. HP: 30/33 MP: 2/2
   789 | D:1      | Reached ** piety under Trog
  1284 | D:2      | Reached XP level 4. HP: 36/40 MP: 3/3
  1462 | D:2      | Reached *** piety under Trog
  1871 | D:2      | Found a shimmering altar of Xom.
  2014 | D:3      | Reached XP level 5. HP: 46/46 MP: 4/4
  2089 | D:3      | Found a deep blue altar of Sif Muna.
  2166 | D:3      | Noticed Ijyb
  2174 | D:3      | Reached **** piety under Trog
  2176 | D:3      | Killed Ijyb
  2431 | D:3      | Found a stormy altar of Qazlal.
  2503 | D:3      | Noticed appiemonkey's ghost (weakling HOFi)
  2512 | D:3      | Killed appiemonkey's ghost
  2512 | D:3      | Reached skill level 5 in Axes
  2512 | D:3      | Reached XP level 6. HP: 53/53 MP: 5/5
  2570 | D:3      | Noticed Robin
  2580 | D:3      | Killed Robin
  2896 | D:4      | Found a bloodstained altar of Trog.
  2999 | D:4      | Noticed Duvessa
  3002 | D:4      | Noticed Dowan
  3003 | D:4      | Reached skill level 5 in Fighting
  3009 | D:4      | Killed Duvessa
  3009 | D:4      | Reached skill level 5 in Armour
  3014 | D:4      | Killed Dowan
  3407 | D:4      | Reached XP level 7. HP: 61/61 MP: 6/6
  3748 | D:4      | Reached skill level 6 in Axes
  3748 | D:4      | Reached skill level 5 in Dodging
  3924 | D:5      | Entered Level 5 of the Dungeon
  3930 | D:5      | Found a sand-covered staircase.
  3966 | Ossuary  | Entered an ossuary
  4197 | Ossuary  | Noticed Menkaure
  4207 | Ossuary  | Killed Menkaure
  4252 | D:5      | Found a stormy altar of Qazlal.
  4253 | D:5      | Noticed an air elemental
  4253 | D:5      | Noticed a water elemental
  4253 | D:5      | Noticed a fire elemental
  4323 | D:5      | Reached XP level 8. HP: 71/71 MP: 7/7
  4330 | D:5      | Found a glowing drain.
  4339 | D:5      | Reached ***** piety under Trog
  4352 | Sewer    | Entered a sewer
  4438 | Sewer    | Received a gift from Trog
  4519 | Sewer    | Found a burning altar of Makhleb.
  4613 | Sewer    | Noticed an apprentice kobold demonologist
  4620 | Sewer    | Received a gift from Trog
  4639 | Sewer    | Killed an apprentice kobold demonologist
  4639 | Sewer    | Reached skill level 7 in Axes
  4679 | Sewer    | Noticed Grinder
  4688 | Sewer    | Killed Grinder
  5000 | D:5      | Found a glowing golden altar of the Shining One.
  5337 | D:5      | Reached XP level 9. HP: 66/80 MP: 8/8
  5748 | D:6      | Reached skill level 1 in Bows
  5750 | D:6      | Reached skill level 8 in Axes
  5769 | D:6      | Received a gift from Trog
  6505 | D:7      | Found a snail-covered altar of Cheibriados.
  6559 | D:7      | Found a shadowy altar of Dithmenos.
  6559 | D:7      | Found a snail-covered altar of Cheibriados.
  6710 | D:7      | Found a basalt altar of Yredelemnul.
  6778 | D:7      | Found a staircase to the Ecumenical Temple.
  7379 | D:8      | Reached skill level 9 in Axes
  7631 | D:8      | Found a glowing silver altar of Zin.
  7883 | D:8      | Found Ycvucvif's Demolitions Depot.
  8289 | D:8      | Reached XP level 10. HP: 76/90 MP: 9/9
  8573 | D:9      | Noticed Psyche
  8578 | D:9      | Reached skill level 5 in Bows
  8580 | D:9      | Reached skill level 10 in Axes
  8582 | D:9      | Killed Psyche
  8653 | D:9      | Found a staircase to the Lair.
  8962 | D:9      | Found a staircase to the Orcish Mines.
  9308 | D:9      | You fall through a shaft!
  9308 | D:10     | Entered Level 10 of the Dungeon
  9447 | D:10     | Received a gift from Trog
  9856 | D:10     | Reached skill level 11 in Axes
 10400 | Lair:1   | Entered Level 1 of the Lair of Beasts
 10819 | Lair:1   | Reached XP level 11. HP: 83/97 MP: 10/10
 10977 | Lair:1   | Found a white marble altar of Elyvilon.
 11273 | Lair:2   | Reached skill level 10 in Armour
 11700 | Lair:2   | Gained mutation: Your flesh is cold resistant. [potion of beneficial mutation]
 11950 | Lair:2   | Noticed Nergalle
 11961 | Lair:2   | Killed Nergalle
 11961 | Lair:2   | Reached skill level 10 in Fighting
 11961 | Lair:2   | Reached skill level 12 in Axes
 12234 | Lair:2   | Noticed a four-headed hydra
 12255 | Lair:2   | Killed a nine-headed hydra
 12472 | Lair:3   | Noticed a five-headed hydra
 12488 | Lair:3   | Killed a nine-headed hydra
 12490 | Lair:3   | Found a labyrinth entrance.
 12516 | Lab      | Entered a labyrinth
 13510 | Lab      | Paralysed by fainting for 9 turns
 13704 | Lab      | Noticed a minotaur
 13713 | Lab      | Killed a minotaur
 13919 | Lab      | Got a sparkling lead ring
 13936 | Lab      | Identified the Disquisition on Bewitching Creation (You found it in a labyrinth)
 13937 | Lab      | Got a slimy scale mail
 13984 | Lair:3   | Identified the +2 scale mail "Ybraguta" {MP+9 Str+9 Int-5 Dex-5} (You found it in a labyrinth)
 13984 | Lair:3   | Lost intelligence.
 14155 | Lair:3   | Noticed an eight-headed hydra
 14168 | Lair:3   | Killed a ten-headed hydra
 14168 | Lair:3   | Reached XP level 12. HP: 35/107 MP: 11/11
 14316 | Lair:3   | Found a staircase to the Shoals.
 14504 | Lair:3   | Identified the ring of Zomapt {-Tele rPois rN+ Str+3 Int+3} (You found it in a labyrinth)
 14551 | Lair:3   | Noticed a catoblepas
 14561 | Lair:3   | Killed a catoblepas
 14724 | Lair:3   | Received a gift from Trog
 14761 | Lair:3   | Reached skill level 13 in Axes
 14995 | Lair:3   | Noticed a four-headed hydra
 15007 | Lair:3   | Killed a nine-headed hydra
 15775 | Lair:4   | Reached skill level 10 in Bows
 15944 | Lair:4   | Received a gift from Trog
 16185 | Lair:4   | Reached skill level 10 in Dodging
 16537 | Lair:4   | Reached ****** piety under Trog
 16543 | Lair:4   | Received a gift from Trog
 16665 | Lair:4   | Noticed Sonja
 16672 | Lair:4   | Killed Sonja
 17319 | Lair:5   | Noticed a catoblepas
 17333 | Lair:5   | Killed a catoblepas
 17412 | Lair:5   | Noticed a six-headed hydra
 17425 | Lair:5   | Killed a nine-headed hydra
 17425 | Lair:5   | Reached skill level 14 in Axes
 17425 | Lair:5   | Reached XP level 13. HP: 82/116 MP: 4/12
 18205 | Lair:6   | Found a staircase to the Snake Pit.
 18452 | Lair:6   | Received a gift from Trog
 19436 | Lair:8   | Entered Level 8 of the Lair of Beasts
 19926 | Lair:8   | Reached skill level 15 in Axes
 20135 | Lair:8   | Received a gift from Trog
 20347 | Lair:8   | Reached XP level 14. HP: 116/126 MP: 4/13
 20439 | Lair:8   | Found a runed door.
 20439 | Lair:8   | Found a viscous altar of Jiyva.
 20439 | Lair:8   | Noticed an azure jelly
 20453 | Lair:8   | Found a staircase to the Slime Pits.
 20453 | Lair:8   | Noticed an azure jelly
 20492 | Lair:8   | Killed an azure jelly
 20500 | Lair:8   | Killed an azure jelly
 20947 | Lair:8   | Received a gift from Trog
 21787 | Orc:1    | Entered Level 1 of the Orcish Mines
 21883 | Orc:1    | Received a gift from Trog
 22013 | Orc:2    | Entered Level 2 of the Orcish Mines
 22053 | Orc:2    | Noticed a stone giant
 22058 | Orc:2    | Killed a stone giant
 22159 | Orc:2    | Noticed Maurice
 22171 | Orc:2    | Killed Maurice
 22197 | Orc:2    | HP: 4/127 [hill giant/giant club (35)]
 22197 | Orc:2    | Mangled by a deep troll

Skill      XL: |  1  2  3  4  5  6  7  8  9 10 11 12 13 14 |
---------------+-------------------------------------------+-----
Axes           | 4 5 6 7 9 11 12 14 15 | 15.9
Dodging        | 3 4 5 6 7 8 9 10 11 | 11.6
Armour         | 3 4 5 6 7 8 9 10 11 12 13 | 13.2
Fighting       | 4 5 6 7 8 9 10 11 12 | 12.9
Bows           | 4 6 8 10 12 13 | 13.1

Action                   |  1- 3 |  4- 6 |  7- 9 | 10-12 | 13-15 || total
-------------------------+-------+-------+-------+-------+-------++-------
Melee: Hand axe          |    79 |    25 |       |       |       ||   104
       Headbutt          |    12 |    24 |    62 |   135 |    88 ||   321
       War axe           |       |    93 |   326 |   120 |       ||   539
       Broad axe         |       |       |       |   206 |       ||   206
       Battleaxe         |       |       |       |   201 |   314 ||   515
 Fire: Shortbow          |       |       |   109 |   460 |    67 ||   636
       Longbow           |       |       |       |       |   209 ||   209
Invok: Berserk           |     1 |     2 |     1 |     6 |     2 ||    12
       Burn Spellbooks   |       |       |     1 |     5 |     1 ||     7
       Brothers in Arms  |       |       |       |       |     1 ||     1
  Use: Scroll            |       |       |    18 |    10 |    12 ||    40
       Potion            |       |       |       |     1 |     1 ||     2
 Stab: Sleeping          |     2 |       |       |       |       ||     2
  Eat: Chunk             |     2 |     9 |    15 |    29 |    17 ||    72
       Pizza             |       |       |     1 |     1 |       ||     2
       Beef jerky        |       |       |       |     3 |       ||     3
Armor: Animal skin       |    12 |       |       |       |       ||    12
       Chain mail        |       |    48 |    24 |       |       ||    72
       Ring mail         |       |     5 |    98 |    56 |       ||   159
       Scale mail        |       |       |       |   191 |   203 ||   394
Dodge: Dodged            |    52 |    76 |   225 |   444 |   323 ||  1120
